 Dungeon Crawl Stone Soup version 0.31.0-4-g52a2dc7128 (webtiles) character file.

Game seed: 12424787258788790269

5175 Abradoks the Cleaver (level 10, -1/77 HPs)
             Began as a Formicid Fighter on Jan 22, 2024.
             Was a Priest of Okawaru.
             Slain by a wyvern (7 damage)
             ... on level 9 of the Dungeon.
             The game lasted 00:17:43 (9382 turns).

Abradoks the Cleaver (Formicid Fighter)             Turns: 9382, Time: 00:17:43

Health: -1/77      AC: 16    Str: 26    XL:     10   Next: 90%
Magic:  16/16      EV:  9    Int:  7    God:    Okawaru [***...]
Gold:   273        SH:  7    Dex: 13    Spells: 9/9 levels left

rFire   . . .        m - +4 quarterstaff (chaos)
rCold   x . .        c - +0 buckler
rNeg    . . .        g - +0 plate armour
rPois   .            (helmet unavailable)
rElec   .            d - +0 cloak
rCorr   .            (no gloves)
SInv    +            (no boots)
Will    +....        (no amulet) Stlth
                     (no ring)
HPRegen 0.32/turn    (no ring)
MPRegen 0.15/turn

%: no passive effects
@: heroic
A: permanent stasis, dig shafts and tunnels, antennae 3, four strong arms, cold
vulnerability 1
a: Dig, Shaft Self, Renounce Religion, Heroism


You were on level 9 of the Dungeon.
You worshipped Okawaru.
Okawaru was most pleased with you.
You visited 2 branches of the dungeon, and saw 10 of its levels.

You collected 524 gold pieces.
You spent 251 gold pieces at shops.

Inventory:

Hand Weapons
 a - a +0 war axe
 m - a +4 quarterstaff of chaos (weapon)
 t - a +0 battleaxe
 w - a +0 spectral quarterstaff
Missiles
 v - a throwing net
Armour
 c - a +0 buckler (worn)
 d - a +0 cloak (worn)
 g - a +0 plate armour (worn)
Jewellery
 e - a ring of ice
 x - a +5 ring of evasion
Wands
 b - a wand of roots (9)
 i - a wand of digging (2)
Scrolls
 f - a scroll of poison
 h - 2 scrolls of torment
 j - 2 scrolls of enchant armour
 k - a scroll of noise
 n - 2 scrolls of fog
 p - a scroll of immolation
 r - a scroll of fear
 s - a scroll of acquirement
 u - 2 scrolls of identify
 y - 3 scrolls of amnesia
Potions
 l - 7 potions of curing
 o - 4 potions of heal wounds
 q - a potion of magic
 z - a potion of mutation {!q}


   Skills:
 - Level 6.4(11.4) Fighting
 + Level 10.6(15.6) Axes
 - Level 6.3(11.3) Armour
 - Level 7.6(12.6) Shields
 + Level 8.8 Invocations


You had 9 spell levels left.
You didn't know any spells.
Your spell library contained the following spells:

 Spells                   Type           Power      Damage    Failure   Level
 Magic Dart               Conj           0%         1d3       99%         1
 Lesser Beckoning         Tloc           0%         N/A       100%        2
 Mercury Vapours          Alch/Air       0%         N/A       100%        2
 Gell's Gravitas          Tloc           0%         N/A       100%        3
 Mephitic Cloud           Conj/Alch/Air  0%         N/A       100%        3
 Ozocubu's Armour         Ice            0%         N/A       100%        3
 Teleport Other           Tloc           0%         N/A       100%        3
 Borgnjor's Vile Clutch   Necr/Erth      0%         N/A       100%        5
 Freezing Cloud           Conj/Ice/Air   0%         6-21      100%        5
 Lee's Rapid Deconstruct  Erth           0%         3d4*      100%        5
 Metabolic Englaciation   Hex/Ice        0%         N/A       100%        5
 Summon Small Mammal      Summ           Unusable   N/A       N/A         1
 Blink                    Tloc           Unusable   N/A       N/A         2
 Call Imp                 Summ           Unusable   N/A       N/A         2
 Call Canine Familiar     Summ           Unusable   N/A       N/A         3
 Animate Armour           Summ/Erth      Unusable   N/A       N/A         4
 Animate Dead             Necr           Unusable   N/A       N/A         4
 Summon Blazeheart Golem  Fire/Summ      Unusable   N/A       N/A         4
 Summon Lightning Spire   Summ/Air       Unusable   N/A       N/A         4
 Death Channel            Necr           Unusable   N/A       N/A         6
 Sculpt Simulacrum        Ice/Alch       Unusable   N/A       N/A         6

Dungeon Overview and Level Annotations

Branches:
Dungeon (9/15)             Temple (1/1) D:5
   Lair: D:8-11         Orc: D:9-12

Altars:
Ashenzari
Cheibriados
Dithmenos
Elyvilon
Fedhas
Gozag
Hepliaklqana
Kikubaaqudgha
Makhleb
Nemelex Xobeh
Okawaru
Qazlal
Ru
Sif Muna
Trog
Uskayaw
Vehumet
Wu Jian
Xom
Yredelemnul
Zin
The Shining One

Shops:
D:3 :   D:5 ?   D:6 *!(

Annotations:
D:6 3 runed translucent doors, glosham's ghost, novice DsAl; nitefall's ghost, novice MiBe


Innate Abilities, Weirdness & Mutations

You cannot be hasted, slowed, berserked, paralysed or teleported.
You can dig through walls and to a lower floor.
You have a pair of large antennae on your head. (SInv)
Your four strong arms can wield two-handed weapons with a shield.
You are vulnerable to cold. (rC-)


Message History

The centaur hits you but does no damage.
The centaur closely misses you.
Okay, then.
You hit the centaur. You freeze the centaur.
The centaur is heavily wounded.
You block the centaur's attack. x2
The centaur hits you but does no damage.
The centaur kicks you but does no damage.
The cyclops hits you!! The centaur completely misses you.
The centaur kicks you but does no damage.
You extend your mandibles.
You retract your mandibles.
You bludgeon the centaur!! You burn the centaur.
You kill the centaur!
Okawaru accepts your kill.
The centaur hits you but does no damage.
You block the centaur's attack. The cyclops barely misses you.
You sock the centaur!
The centaur is poisoned.
The centaur is heavily wounded.
You block the centaur's attack. The centaur kicks you.
The kobold demonologist mumbles some strange words.
The centaur hits you but does no damage.
The centaur kicks you but does no damage.
A cyclops comes into view.
You hear an angry buzzing noise.
You thump the centaur!
You kill the centaur!
Okawaru accepts your kill. The cyclops hits you. You block the wyvern's attack.
You hit the wyvern but do no damage. The wyvern bites you!
* * * LOW HITPOINT WARNING * * *
You block the cyclops's attack.
You sock the wyvern! You freeze the wyvern.
The wyvern is moderately wounded.
The wyvern barely misses you. The wyvern closely misses you.
The cyclops hits you!
* * * LOW HITPOINT WARNING * * *
You feel much better. The wyvern bites you!
* * * LOW HITPOINT WARNING * * *
The wyvern attacks as it pursues you! The wyvern bites you!
You die...

▒▒▒▒▒▒▒▒·········▒
▒······· ▒▒·▒▒···▒▒▒▒
▒··)···· { ····▒·)·▒
▒▒▒·······
▒▒▒▒·▒▒▒·▒▒▒
▒·········
··▒···▒·)·▒
▒·▒·······
·▒▒▒···▒·▒▒▒·········
··▒·▒▒▒··▒▒·········
▒▒▒K▒·▒
▒▒·▒▒·········
▒yC)▒@▒ ▒··▒··▒▒▒▒▒▒▒
▒·▒Ck)▒ ▒▒·))·▒
···▒▒▒▒▒ ▒▒)··▒ ▒·▒·
▒▒)>▒▒ {{·{▒{ ▒▒··▒▒
▒{▒ ▒▒ { ▒▒▒▒·)▒▒ ···
▒····▒▒ y▒ ▒···▒▒▒▒
▒···▒


You could see a cyclops and a wyvern.

Vanquished Creatures
  Joseph (D:7)
  Maggie (D:8)
  A troll (D:9)
  A hornet (D:9)
  Sigmund (D:4)
  Grum (D:7)
  A steam dragon (D:8)
  An acid dragon (D:9)
  Menkaure (D:6)
  A water moccasin (D:9)
  3 orc warriors
  2 sky beasts
  A black bear (D:4)
  4 wolves
  3 centaurs
  A phantom (D:5)
  A kobold brigand (D:6)
  2 gnoll sergeants (D:7)
  A weeping skull (D:3)
  A scorpion (D:6)
  4 wights (D:9)
  11 killer bees
  5 howler monkeys (D:8)
  A bombardier beetle (D:5)
  6 hounds
  4 jellies
  4 orc priests
  Crazy Yiuf (D:3)
  3 sleepcaps
  4 iguanas
  2 orc wizards
  7 adders
  9 gnolls
  A shadow imp (D:6)
  A white imp (D:7)
  2 ufetubi (D:4)
  3 ribbon worms
  4 dart slugs
  39 orcs
  3 ball pythons
  9 endoplasms
  2 giant cockroaches
  12 goblins
  11 hobgoblins
  3 jackals (D:5)
  12 kobolds
  4 quokkas
  2 bats (D:1)
  2 frilled lizards
  7 rats
  A spectral orc (D:3)
208 creatures vanquished.

Vanquished Creatures (others)
  A white imp (D:8)
  A rat zombie (D:3)
2 creatures vanquished.

Grand Total: 210 creatures vanquished

Notes
Turn   | Place    | Note
-------+----------+-------------------------------------------
     0 | D:1      | Abradoks the Formicid Fighter began the quest for the Orb.
     0 | D:1      | Reached XP level 1. HP: 18/18 MP: 1/1
    61 | D:1      | Reached XP level 2. HP: 24/24 MP: 2/2
   299 | D:1      | Reached XP level 3. HP: 28/29 MP: 3/3
   765 | D:2      | Reached XP level 4. HP: 29/37 MP: 4/4
  1011 | D:2      | Reached skill level 3 in Axes
  1483 | D:3      | Found a runed translucent door.
  1484 | D:3      | Noticed Crazy Yiuf
  1491 | D:3      | Killed Crazy Yiuf
  1888 | D:3      | Reached XP level 5. HP: 38/42 MP: 5/5
  2171 | D:3      | Found Nuotsoru's Book Shoppe.
  2267 | D:3      | Found a basalt altar of Yredelemnul.
  2267 | D:3      | Noticed a weeping skull
  2275 | D:3      | Killed a weeping skull
  2276 | D:3      | Reached skill level 4 in Axes
  2276 | D:3      | Reached skill level 5 in Shields
  2276 | D:3      | Reached XP level 6. HP: 48/48 MP: 6/6
  2831 | D:4      | Noticed Sigmund
  2844 | D:4      | Killed Sigmund
  2845 | D:4      | Reached XP level 7. HP: 42/55 MP: 7/7
  2857 | D:4      | Reached skill level 5 in Axes
  3295 | D:4      | Reached skill level 5 in Fighting
  3349 | D:4      | Reached skill level 5 in Armour
  3655 | D:4      | Reached XP level 8. HP: 62/62 MP: 8/8
  3763 | D:5      | Entered Level 5 of the Dungeon
  3765 | D:5      | Gained mutation: You are vulnerable to cold. (rC-) [potion
                  | of mutation]
  3900 | D:5      | Identified the +9 spear of the Desert {drain, Dex+3 Stlth+}
  3939 | D:5      | Found Dity's Magic Scroll Boutique.
  3994 | D:5      | Reached skill level 6 in Axes
  4296 | D:5      | Found a staircase to the Ecumenical Temple.
  4573 | D:5      | Bought a scroll of identify for 28 gold pieces
  4573 | D:5      | Bought a scroll of identify for 28 gold pieces
  4683 | Temple   | Entered the Ecumenical Temple
  4734 | Temple   | Became a worshipper of Warmaster Okawaru
  4740 | Temple   | Identified a scroll of acquirement
  4844 | D:6      | Found Omebiecw's Weapon Emporium.
  4957 | D:6      | Found Juykh's Distillery.
  4963 | D:6      | Found Arides's General Store.
  5045 | D:6      | Bought a potion of heal wounds for 65 gold pieces
  5049 | D:6      | Bought 2 potions of heal wounds for 130 gold pieces
  5533 | D:6      | Reached skill level 7 in Axes
  5533 | D:6      | Reached XP level 9. HP: 69/69 MP: 9/9
  5535 | D:6      | Found a runed translucent gate.
  5535 | D:6      | Found a runed translucent gate.
  5539 | D:6      | Found a runed translucent gate.
  5540 | D:6      | Noticed nitefall's ghost (novice MiBe)
  5540 | D:6      | Noticed glosham's ghost (novice DsAl)
  6124 | D:7      | Noticed Menkaure
  6275 | D:6      | Killed Menkaure
  6275 | D:6      | Reached * piety under Okawaru
  6391 | D:7      | Reached skill level 1 in Invocations
  6647 | D:7      | Noticed Joseph
  6661 | D:7      | Killed Joseph
  6662 | D:7      | Reached skill level 8 in Axes
  7239 | D:8      | Reached ** piety under Okawaru
  7240 | D:8      | Reached skill level 5 in Invocations
  7403 | D:8      | Noticed Grum
  7410 | D:8      | Reached XP level 10. HP: 66/77 MP: 13/13
  7421 | D:7      | Killed Grum
  7422 | D:7      | Reached skill level 9 in Axes
  7672 | D:8      | Noticed Maggie
  7689 | D:8      | Killed Maggie
  7799 | D:8      | Found a white marble altar of Elyvilon.
  8699 | D:9      | Reached skill level 10 in Axes
  9278 | D:9      | Reached *** piety under Okawaru
  9373 | D:9      | Noticed a cyclops
  9374 | D:9      | Noticed a kobold demonologist
  9377 | D:9      | Noticed a cyclops
  9380 | D:9      | HP: 3/77 [cyclops (16)]
  9382 | D:9      | Slain by a wyvern

Illustrated notes

Levels and vault maps discovered:
D:1:      roderic_dead_forest, layout_rooms
D:2:      layout_basic, minmay_pentomino_pile
D:3:      minmay_evil_eye, layout_loops_ring,
          yredelemnul_forgotten_temple_becter, serial_shops,
          nicolae_shop_statue_plus, eino_tiny_chamber, minmay_hedge_maze,
          uniq_crazy_yiuf_cottage
D:4:      layout_loops_corners, hangedman_feature_mirror,
          minmay_strange_pillars, small_statue_intersection,
          kennysheep_minor_cross, chequers_serial_rivers_small_b, minmay_puff,
          uniq_sigmund
D:5:      layout_gridville, temple_pool_b, serial_shops, nicolae_shop_peninsula
D:6:      layout_loops_ring, gammafunk_ghost_cemetery, serial_shops, shop, shop,
          nicolae_shop_industrial_runoff
D:7:      layout_basic, uniq_joseph, uniq_menkaure
D:8:      layout_basic, old_standard_altar, minmay_misc_feat_tower, uniq_grum,
          uniq_maggie
D:9:      layout_basic, orc_david_3, nicolae_doodle_vault
Temple:   mainiacjoe_temple_cubbyholes

Skill      XL: |  1  2  3  4  5  6  7  8  9 10 |
---------------+-------------------------------+-----
Axes           | 3 4 5 7 8 10 | 10.6
Fighting       | 4 5 6 |  6.4
Armour         | 4 5 6 |  6.3
Shields        | 5 6 7 |  7.6
Invocations    | 5 8 |  8.8

Action                     |  1- 3 |  4- 6 |  7- 9 | 10-12 || total
---------------------------+-------+-------+-------+-------++-------
  Melee: War axe           |    77 |    18 |       |       ||    95
         Quarterstaff      |       |    87 |   298 |   159 ||   544
 Invoke: Heroism           |       |       |     1 |     5 ||     6
Ability: Dig               |       |       |     2 |     1 ||     3
    Use: Potion            |       |     1 |     1 |     1 ||     3
         Scroll            |       |       |    13 |     2 ||    15
 Armour: Scale mail        |    55 |    56 |   146 |       ||   257
         Plate armour      |       |       |   161 |   192 ||   353
  Dodge: Dodged            |    31 |    38 |   140 |    82 ||   291
  Block: Buckler           |    15 |    17 |    82 |    79 ||   193
